AoeStats
← Paladín Bebé

African Clearing

505822704Analyzed
3v3 RM · 20d ago on Sep 11, 2026· 34m 31s· 6 players
Game mode
Random Map
Map size
Normal (6 player)
Population
200
Speed
Normal
Resources
Standard
Victory
Conquest
Starting age
Dark Age
Ending age
Imperial Age
RankedLock teamsTeams togetherTeam positionsShared explorationLock speedFull tech treeHidden civsTurbo modeCheats
Victory
Defeat
🇬🇧 Persians · United Kingdom
1038
+15
🇨🇳 Spanish · China
1033
+16
🇬🇧 Huns · United Kingdom
1018
+30
🇨🇭 Berbers · Switzerland
1143
-20
🇪🇸 Teutons · Spain
982
-14
🇵🇪 Slavs · Peru
947
-13
02281
13:32 Feudal Age
17:42 Castle Age
16:16 Stone Mining
16:42 Double-Bit Axe
18:51 Town Watch
21:08 Loom
27:31 Bloodlines
27:22 Husbandry
27:43 Padded Archer Armor
27:59 Herbal Medicine
32:22 Leather Archer Armor
32:55 Fletching
OakenStone47820
5:04 Loom
15:41 Feudal Age
15:55 Man-at-Arms
19:45 Horse Collar
19:56 Double-Bit Axe
26:03 Wheelbarrow
25:52 Forging
25:48 Scale Barding Armor
26:03 Gold Mining
26:04 Stone Mining
28:45 Castle Age
29:51 Hand Cart
30:42 Iron Casting
30:08 Scale Mail Armor
29:55 Arson
30:52 Heavy Plow
31:06 Bow Saw
32:29 Stone Mining
33:18 Husbandry
33:28 Bloodlines
32:58 Long Swordsman
cartepostale555
6:04 Loom
14:03 Feudal Age
15:13 Town Watch
16:47 Fletching
21:00 Castle Age
19:49 Double-Bit Axe
20:15 Horse Collar
21:07 Fletching
23:10 Bodkin Arrow
25:22 Ballistics
28:10 Bow Saw
31:32 Heavy Plow
33:12 Murder Holes
Tetsu0 L10n
7:48 Loom
12:45 Feudal Age
14:06 Double-Bit Axe
15:39 Stone Mining
24:01 Castle Age
33:11 Fletching
churre13
11:28 Loom
14:25 Feudal Age
15:42 Horse Collar
24:00 Castle Age
24:33 Wheelbarrow
24:10 Double-Bit Axe
32:04 Scale Barding Armor
33:38 Bloodlines
Paladín Bebé
15:32 Feudal Age
14:40 Loom
17:55 Double-Bit Axe
18:07 Gold Mining
18:48 Stone Mining
18:52 Horse Collar
24:17 Castle Age
24:08 Wheelbarrow
24:33 Fletching
25:55 Scale Barding Armor
26:01 Forging
26:34 Heavy Plow
26:53 Bow Saw
27:05 Town Watch
27:02 Light Cavalry
27:53 Bloodlines
27:44 Husbandry
28:50 Forging
31:29 Hand Cart
Connection lost

Rejoining the realm…

Still unreachable

The connection could not be restored.

Session expired

The server has moved on; the page needs a fresh start.